 Dungeon Crawl Stone Soup version 0.29.1-1-gd02db6906a (webtiles) character file.

Game seed: 15613582658286153612

1913 sankara the Grappler (level 8, -3/79 HPs)
             Began as a Troll Gladiator on Oct 14, 2022.
             Slain by an orc
             ... wielding a +0 flail
              (6 damage)
             ... on level 6 of the Dungeon.
             The game lasted 00:08:39 (4111 turns).

sankara the Grappler (Troll Gladiator)              Turns: 4111, Time: 00:08:40

Health: -3/79      AC:  4    Str: 23    XL:     8   Next: 95%
Magic:  7/7        EV: 11    Int:  6    God:
Gold:   270        SH:  0    Dex: 11    Spells: 6/7 levels left

rFire   . . .      SeeInvis .     - Unarmed
rCold   . . .      Faith    .   (no shield)
rNeg    . . .      Spirit   .   a - +0 robe
rPois   .          Reflect  .   b - +0 hat
rElec   .          Harm     .   (no cloak)
rCorr   .          Rampage  .   (gloves unavailable)
Will    .....                   (boots unavailable)
Stlth   +.........              i - amulet of magic regeneration
HPRegen 1.03/turn               w - ring of flight
MPRegen 0.50/turn               (no ring)

@: flying
A: large, unfitting armour, claws 3, regeneration 1, shaggy fur 1, tough skin 1
a: no special abilities


You were on level 6 of the Dungeon.
You visited 1 branch of the dungeon, and saw 6 of its levels.

You collected 270 gold pieces.

Inventory:

Hand Weapons
 B - a +2 dagger of electrocution
Missiles
 c - 3 throwing nets (quivered)
 d - a large rock
 h - 57 stones
 j - 3 poisoned darts
 y - 6 boomerangs
Armour
 a - a +0 robe (worn)
 b - a +0 hat (worn)
Jewellery
 i - an amulet of magic regeneration (around neck)
 w - a ring of flight (left claw)
Wands
 u - a wand of charming (9)
 C - a wand of polymorph (13)
Scrolls
 k - 2 scrolls of identify {unknown}
 l - 2 scrolls of enchant weapon {unknown}
 o - a scroll of magic mapping {unknown}
 q - a scroll of teleportation {unknown}
 x - a scroll of blinking {unknown}
 A - a scroll of enchant armour {unknown}
 D - a scroll of noise {unknown}
 E - a scroll of immolation {unknown}
Potions
 e - a potion of berserk rage {unknown}
 f - 2 potions of mutation {unknown}
 g - 2 potions of lignification {unknown}
 m - 5 potions of curing {unknown}
 n - a potion of cancellation {unknown}
 p - a potion of degeneration {unknown}
 r - a potion of ambrosia {unknown}
 s - 4 potions of attraction {unknown}
 t - 2 potions of might {unknown}
 v - 2 potions of heal wounds {unknown}
 z - a potion of invisibility {unknown}


   Skills:
 + Level 4.5 Fighting
 + Level 5.0 Throwing
 + Level 5.0 Dodging
 * Level 8.0 Unarmed Combat


You had 6 spell levels left.
You knew the following spells:

 Your Spells              Type           Power      Damage    Failure   Level
a - Beastly Appendage     Tmut           0%         N/A       45%         1

Your spell library contained the following spells:

 Spells                   Type           Power      Damage    Failure   Level
 Slow                     Hex            0%         N/A       45%         1
 Wereblood                Tmut           0%         N/A       58%         2
 Confusing Touch          Hex            0%         N/A       83%         3
 Spider Form              Tmut/Pois      0%         N/A       83%         3
 Vampiric Draining        Necr           0%         2d6       83%         3
 Leda's Liquefaction      Hex/Erth       0%         N/A       99%         4
 Lee's Rapid Deconstruct  Erth           0%         3d5*      100%        5
 Statue Form              Tmut/Erth      0%         N/A       100%        6


Dungeon Overview and Level Annotations

Branches:
Dungeon (6/15)
 Temple: D:4-7

Altars:
Hepliaklqana
Trog
The Shining One

Annotations:
D:5 2 transporters, CoolPlay's ghost, amateur MeEE


Innate Abilities, Weirdness & Mutations

You are too large for most types of armour.
You have claws for hands.
Your natural rate of healing is unusually fast.
You are covered in fur. (AC +1)
You have tough skin. (AC +1)


Message History

The orc warrior barely misses you.
You scratch Eustachio.
Eustachio is heavily wounded.
The white imp shouts, "Begone, thou worthless fob-snatching nert!"
The white imp closely misses you. Eustachio closely misses you.
The orc priest hits you with a +0 hand axe.
The orc hits you but does no damage.
The orc warrior hits you with a +0 hand axe!
You claw Eustachio!
Eustachio is severely wounded.
You barely miss Eustachio.
Eustachio is severely wounded.
The orc priest invokes the aid of Beogh against you.
Beogh smites you! The orc hits you with a +0 flail!
The orc warrior hits you with a +0 hand axe.
Eustachio hits you with a +0 rapier. The shadow imp barely misses you.
Unknown command.
You mangle Eustachio!!
You kill Eustachio!
The white imp disappears in a puff of smoke!
The quasit disappears in a puff of smoke!
The shadow imp disappears in a puff of smoke!
The orc warrior barely misses you.
The orc priest hits you with a +0 hand axe.
The orc misses you.
Your Throwing skill increases to level 5!
Your Dodging skill increases to level 5!
Your Unarmed Combat skill increases to level 8!
You closely miss the orc priest. Your claw misses the orc priest.
The orc warrior hits you with a +0 hand axe!
* * * LOW HITPOINT WARNING * * *
The orc priest begins to cast a cantrip, but forgets the words!
The orc misses you.
You closely miss the orc priest.
The orc warrior hits you with a +0 hand axe.
* * * LOW HITPOINT WARNING * * *
The orc priest hits you with a +0 hand axe.
* * * LOW HITPOINT WARNING * * *
The orc hits you with a +0 flail.
You die...

...# ...#
#....####
...#
#.......#
...#
#.......#
####
#.......#
.#
#.......#
.##
#.......#
..##
#...o.o.#
#..#
#..ยงยง@o.#
##.#
#...)...#
.#
#.......#
..
#.#######
... # ....
.....
......


You could see an orc warrior, an orc priest and an orc.

Vanquished Creatures
  Sigmund (D:3)
  Eustachio (D:6)
  Pargi (D:4)
  4 ogres
  A phantom (D:4)
  3 bullfrogs (D:6)
  A necrophage (D:5)
  3 scorpions
  4 wights (D:6)
  A hound (D:5)
  Natasha (thrice) (D:3)
  4 iguanas
  5 orc wizards
  4 adders
  An ufetubus (D:5)
  A worm (D:5)
  2 dart slugs
  17 orcs
  6 ball pythons
  2 giant cockroaches (D:1)
  8 goblins
  3 hobgoblins
  13 jackals
  2 quokkas
  A bat (D:1)
  2 frilled lizards
  7 kobolds
  4 rats
105 creatures vanquished.

Notes
Turn   | Place    | Note
-------+----------+-------------------------------------------
     0 | D:1      | sankara the Troll Gladiator began the quest for the Orb.
     0 | D:1      | Reached XP level 1. HP: 19/19 MP: 0/0
   270 | D:1      | Reached XP level 2. HP: 25/28 MP: 1/1
   655 | D:1      | Reached XP level 3. HP: 35/35 MP: 2/2
   810 | D:1      | Learned a level 1 spell: Beastly Appendage
  1098 | D:2      | Found a faded altar of an unknown god.
  1727 | D:3      | Noticed Natasha
  1733 | D:3      | Killed Natasha
  1734 | D:3      | Reached skill level 4 in Unarmed Combat
  1734 | D:3      | Reached XP level 4. HP: 42/42 MP: 3/3
  1909 | D:3      | Noticed Sigmund
  1914 | D:3      | Killed Sigmund
  1915 | D:3      | Reached XP level 5. HP: 50/50 MP: 4/4
  1972 | D:3      | Noticed Natasha
  1979 | D:3      | Killed Natasha
  1980 | D:3      | Reached XP level 6. HP: 42/59 MP: 5/5
  2265 | D:3      | Noticed Natasha
  2271 | D:3      | Killed Natasha
  2272 | D:3      | Reached skill level 5 in Unarmed Combat
  2405 | D:4      | Noticed Pargi
  2411 | D:4      | Killed Pargi
  2732 | D:4      | Found a hazy altar of Hepliaklqana.
  2756 | D:4      | Found a bloodstained altar of Trog.
  2756 | D:4      | Found a glowing golden altar of the Shining One.
  2761 | D:4      | Reached XP level 7. HP: 67/67 MP: 6/6
  2788 | D:5      | Entered Level 5 of the Dungeon
  3125 | D:5      | Reached skill level 6 in Unarmed Combat
  3401 | D:5      | Reached XP level 8. HP: 15/78 MP: 7/7
  3486 | D:5      | Found a transporter.
  3488 | D:5      | Noticed CoolPlay's ghost (amateur MeEE)
  3503 | D:5      | Found a transporter.
  3857 | D:6      | Reached skill level 7 in Unarmed Combat
  4103 | D:6      | Noticed Eustachio
  4109 | D:6      | Killed Eustachio
  4110 | D:6      | Reached skill level 5 in Throwing
  4110 | D:6      | Reached skill level 5 in Dodging
  4110 | D:6      | Reached skill level 8 in Unarmed Combat
  4111 | D:6      | HP: 3/79 [orc priest/+0 hand axe (6)]
  4111 | D:6      | Slain by an orc

Illustrated notes

Levels and vault maps discovered:
D:1:      roderic_dead_forest, layout_basic, minmay_misc_feat_square,
          minmay_misc_feat_ornament
D:2:      layout_rooms, shapermc_ecumenical_altar_ellora
D:3:      layout_loops_cross, uniq_natasha, uniq_sigmund
D:4:      layout_basic, mainiacjoe_overflow_alcove_2,
          gammafunk_temple_overflow_pools, kennysheep_small_square, uniq_pargi
D:5:      layout_loops_corners, gammafunk_ghost_stat_death
D:6:      layout_basic, hangedman_decor_growths, uniq_eustachio, uniq_pikel

Skill      XL: |  1  2  3  4  5  6  7  8 |
---------------+-------------------------+-----
Throwing       | 2 3 4 5 |  5.0
Fighting       | 2 3 4 |  4.5
Unarmed Combat | 4 5 6 8 |  8.0
Dodging        | 3 4 5 |  5.0

Action                   |  1- 3 |  4- 6 |  7- 9 || total
-------------------------+-------+-------+-------++-------
Melee: Unarmed           |   132 |    57 |   143 ||   332
       Punch             |     1 |     2 |     7 ||    10
 Stab: Sleeping          |     1 |       |       ||     1
Armor: Robe              |    48 |    18 |    15 ||    81
Dodge: Dodged            |    75 |    16 |    58 ||   149
